 Dungeon Crawl Stone Soup version 0.31.0-11-ge490571c62 (webtiles) character file.

Game seed: 10929950227996759947

56 qw the Shooter (level 3, -2/20 HPs)
             Began as a Deep Elf Hunter on Feb 3, 2024.
             Slain by a jackal (3 damage)
             ... on level 2 of the Dungeon.
             The game lasted 00:00:04 (1030 turns).

qw the Shooter (Deep Elf Hunter)                    Turns: 1030, Time: 00:00:04

Health: -2/20      AC:  7    Str: 10    XL:     3   Next: 71%
Magic:  5/5        EV:  9    Int: 13    God:
Gold:   148        SH:  0    Dex: 18    Spells: 2/2 levels left

rFire   . . .        a - +0 shortbow
rCold   . . .        (shield currently unavailable)
rNeg    . . .        h - +0 scale mail
rPois   .            (no helmet)
rElec   .            f - +0 cloak
rCorr   .            (no gloves)
SInv    .            (no boots)
Will    .....        (no amulet)
Stlth   +            (no ring)
HPRegen 0.23/turn    (no ring)
MPRegen 0.09/turn

%: no passive effects
@: no status effects
A: no striking features
a: no special abilities


You were on level 2 of the Dungeon.
You visited 1 branch of the dungeon, and saw 2 of its levels.

You collected 148 gold pieces.


   Skills:
 - Level 1.5 Fighting
 + Level 7.2 Ranged Weapons
 - Level 2.4 Dodging
 - Level 1.2 Stealth


You had 2 spell levels left.
You didn't know any spells.
Your spell library was empty.

Inventory:

Hand Weapons
 a - a +0 shortbow (weapon)
Armour
 c - a +0 ring mail
 f - a +0 cloak (worn)
 h - a +0 scale mail (worn)
Scrolls
 b - 2 scrolls of enchant armour {unknown}
 d - a scroll of acquirement {unknown}
 g - a scroll of identify {unknown}
 i - a scroll of amnesia {unknown}
Potions
 e - a potion of enlightenment {unknown}

Dungeon Overview and Level Annotations

Branches:
Dungeon (2/15)

Altars:


Message History

A hobgoblin comes into view.
You shoot an arrow.
The arrow hits the jackal but does no damage.
The jackal barely misses you.
A jackal comes into view.
The jackal bites you but does no damage.
The jackal barely misses you.
You shoot an arrow. The arrow hits the jackal.
The jackal is moderately wounded.
The jackal barely misses you. The jackal bites you.
The jackal closely misses you. x2
You shoot an arrow. The arrow hits the jackal.
You kill the jackal!
The jackal closely misses you. The jackal barely misses you.
You shoot an arrow. The arrow closely misses the hobgoblin.
The jackal barely misses you. The hobgoblin hits you.
The jackal bites you but does no damage.
The hobgoblin hits you.
You shoot an arrow. The arrow closely misses the hobgoblin.
The jackal barely misses you. The hobgoblin barely misses you.
The jackal bites you.
You shoot an arrow. The arrow barely misses the hobgoblin.
The jackal bites you.
The hobgoblin hits you but does no damage.
You shoot an arrow. The arrow hits the hobgoblin.
You kill the hobgoblin!
The jackal bites you.
The jackal bites you but does no damage. x2
You shoot an arrow. The arrow closely misses the jackal.
The jackal bites you but does no damage. x2
The jackal bites you. x2
You shoot an arrow. The arrow closely misses the jackal.
The jackal misses you.
The jackal bites you. x2; The jackal barely misses you.
You shoot an arrow. The arrow barely misses the jackal.
The jackal closely misses you. The jackal completely misses you.
The jackal barely misses you. The jackal closely misses you.
You shoot an arrow.
The arrow hits the jackal but does no damage.
The jackal bites you. x2
You die...

#.#####...###
####.##.........
#............###
#.#####......#
#.# #......#
###.# #......#
#...# #......#
#.### #......#
#@# ###.....
#hh...8.. '.....
####..... ...#
.## #


You could see 2 jackals.

Vanquished Creatures
  An adder (D:2)
  A dart slug (D:1)
  A ribbon worm (D:2)
  3 ball pythons
  6 endoplasms
  A giant cockroach (D:1)
  6 goblins
  8 hobgoblins
  2 jackals (D:2)
  A kobold (D:2)
  3 quokkas (D:1)
  2 rats (D:1)
35 creatures vanquished.

Notes
Turn   | Place    | Note
-------+----------+-------------------------------------------
     0 | D:1      | qw the Deep Elf Hunter began the quest for the Orb.
     0 | D:1      | Reached XP level 1. HP: 12/12 MP: 3/3
     0 | D:1      | 0 ||| qw: Version: 0.3-a-155-g5e7d8dd
     0 | D:1      | 0 ||| qw: Game counter: 3367
     0 | D:1      | 0 ||| qw: Melee chars always use a shield: true
     0 | D:1      | 0 ||| qw: God list: Okawaru
     0 | D:1      | 0 ||| qw: Allow faded altars: false
     0 | D:1      | 0 ||| qw: Do Orc after clearing Dungeon:15 true
     0 | D:1      | 0 ||| qw: Do second Lair branch before Depths: true
     0 | D:1      | 0 ||| qw: Lair rune preference: random
     0 | D:1      | 0 ||| qw: Goals: Normal
     0 | D:1      | 0 ||| PLANNING D:1-11
    79 | D:1      | Reached skill level 6 in Ranged Weapons
    79 | D:1      | Reached XP level 2. HP: 16/16 MP: 4/4
   277 | D:1      | Found a faded altar of an unknown god.
   450 | D:1      | 450 ||| UPGRADING to +0 cloak.
   455 | D:1      | 455 ||| UPGRADING to +0 scale mail.
   465 | D:1      | 465 ||| DROPPING +0 leather armour.
   466 | D:1      | 466 ||| READING scroll labelled PEQI MOJILL.
   467 | D:1      | 467 ||| DRINKING 3 puce potions.
   468 | D:1      | 468 ||| DRINKING smoky red potion.
   469 | D:1      | 469 ||| DRINKING fuming emerald potion.
   470 | D:1      | 470 ||| DROPPING scroll of butterflies.
   471 | D:1      | 471 ||| DROPPING 2 potions of ambrosia.
   512 | D:2      | Reached XP level 3. HP: 20/20 MP: 5/5
   542 | D:2      | HP: 5/20 [adder (1)]
   830 | D:2      | Reached skill level 7 in Ranged Weapons
  1027 | D:2      | HP: 5/20 [jackal (2)]
  1030 | D:2      | HP: 1/20 [jackal (3)]
  1030 | D:2      | Slain by a jackal

Levels and vault maps discovered:
D:1:      ncdulo_halloftheorcs, layout_rooms,
          hellmonk_ecumenical_altar_slurped_away, st_stairs_12
D:2:      layout_basic, basic_altar, grunt_ministairs_14,
          chequers_serial_rivers_micro_a, columned_hall_lemuel,
          minmay_goblin_kobold_house, uniq_sigmund

Skill      XL: |  1  2  3 |
---------------+----------+-----
Ranged Weapons | 6 7 |  7.2
Fighting       | |  1.5
Dodging        | |  2.4
Stealth        | |  1.2

Action                     || total
---------------------------++-------
   Fire: Shortbow          ||   118
    Use: Potion            ||     3
         Scroll            ||     1
 Armour: Leather armour    ||     1
         Scale mail        ||    63
  Dodge: Dodged            ||    44

Table legend:
 A = Non-vault XP
 B = Vault XP
 C = Vault XP percentage of total XP
 D = Non-vault monster count
 E = Vault monster count
 F = Vault count percentage of total count
                 A         B        C        D         E       F
            +---------+---------+-------+---------+---------+-------
      Total |      59 |      22 |  27.2 |      25 |      10 |  28.6
            +---------+---------+-------+---------+---------+-------
        D:1 |      30 |       8 |  21.1 |      17 |       3 |  15.0
        D:2 |      29 |      14 |  32.6 |       8 |       7 |  46.7
            +---------+---------+-------+---------+---------+-------
